Cogmind - Beta 9.6 @@@ ROGUE MODE // 2020.07.07 @ 15:28:06 Player: Granite Result: Destroyed by D-53 Grenadier with Mini Grenade Launcher Performance ------------- Evolutions (0) 0 Regions Visited (2) 400 Robots Destroyed (9) 45 Value Destroyed (77) 77 Prototype IDs (0) 0 Alien Tech Used (0) 0 Bonus (0) 0 TOTAL SCORE: 522 Bonus ------- None Cogmind --------- Core Integrity 0/250 Matter 300/300 Energy 99/100 System Corruption 0% Temperature Cool (0) Movement Core (50) Location -10/Mines Parts ------- > --- POWER (1) -------- (None) > --- PROPULSION (2) --- (None) > --- UTILITY (2) ------ Terrain Scanner Seismic Analyzer > --- WEAPON (2) ------- (None) > --- INVENTORY (4) ---- Light Ion Engine Small Storage Unit Peak State ------------ > --- POWER ------------ Ion Engine > --- PROPULSION ------- Wheel Wheel > --- UTILITY ---------- Small Storage Unit Seismic Analyzer > --- WEAPON ----------- Medium Laser Light Assault Rifle > --- INVENTORY -------- Light Ion Engine EM Pulse Gun [Rating: 7] Favorites ----------- Power Ion Engine Engine Ion Engine Propulsion Wheel Wheel Wheel Utility Seismic Analyzer Device Terrain Scanner Storage Small Storage Unit Processor Seismic Analyzer Weapon Medium Laser Energy Gun Medium Laser Ballistic Gun Light Assault Rifle Special Weapon Mining Laser Build | -11 -10 -10 ------- Run | Scr Mat Min Slots Evolved . | . . . Power . | . . . Propulsion . | . . . Utility . | . . . Weapon . | . . . Parts Attached 12 | 7 . 5 Power 1 | 1 . . Engine 1 | 1 . . Core . | . . . Reactor . | . . . Propulsion 2 | 2 . . Treads . | . . . Leg . | . . . Wheel 2 | 2 . . Hover . | . . . Flight . | . . . Utility 3 | 2 . 1 Device 1 | . . 1 Storage 1 | 1 . . Processor 1 | 1 . . Hackware . | . . . Protection . | . . . Artifact . | . . . Weapon 6 | 2 . 4 Energy Gun 2 | 1 . 1 Energy Cannon . | . . . Ballistic Gun 2 | 1 . 1 Ballistic Cannon . | . . . Launcher . | . . . Special Weapon 2 | . . 2 Impact Weapon . | . . . Slashing Weapon . | . . . Piercing Weapon . | . . . Special Melee Weapon . | . . . Unidentified Prototypes . | . . . Parts Lost 7 | . . 7 Power 1 | . . 1 Propulsion 2 | . . 2 Utility . | . . . Weapon 4 | . . 4 Highest Loss Streak 7 | . . 7 Average Slot Usage (%) 78 | . 100 66 Engine 9 | . 14 7 Wheel 19 | . 28 15 Device 5 | . . 8 Storage 8 | . 14 5 Processor 14 | . 14 14 Energy Gun 9 | . 14 7 Ballistic Gun 8 | . 14 5 Special Weapon 1 | . . 2 Naked Turns . | . . . Heaviest Build 12 | 12 12 12 Greatest Support 20 | 20 20 20 Greatest Overweight (x) . | . . . Average Overweight (x) . | . . . Largest Inventory Capacity 6 | 6 6 6 Average Capacity 5 | 5 6 4 Most Carried 4 | 4 3 4 Average Carried 2 | 2 3 2 Final Capacity 6 | 6 6 4 Final Carried 3 | 3 3 2 Class Distribution -------------------- 100% | Mutant Dominant Class ---------------- Mutant | -10/Materials Mutant | -10/Mines Resources | -11 -10 -10 ----------- Run | Scr Mat Min Matter Collected 321 | 284 13 24 Remotely . | . . . Salvage Created 225 | 142 83 . Parts 20 | 9 11 . Haulers Intercepted . | . . . Recyclers Shooed . | . . . Parts Field Recycled . | . . . Retrieved Matter . | . . . Parts Self-Destructed . | . . . Prevented . | . . . Kills | -11 -10 -10 ------- Run | Scr Mat Min Combat Hostiles Destroyed 5 | . 5 . Guns 5 | . 5 . Classes Destroyed 3 | 2 1 . Tunneler 3 | 3 . . Recycler 1 | 1 . . Swarmer 5 | . 5 . Best Kill Streak 3 | 3 3 . Combat Bots Only 3 | . 3 . Max Kills in Single Turn 1 | 1 1 . Gunslinging . | . . . Exploded . | . . . Melee . | . . . Uniques/NPCs Destroyed . | . . . Combat | -11 -10 -10 -------- Run | Scr Mat Min Damage Taken 587 | . 131 456 Core 251 | . 34 217 Absorbed by Shields . | . . . Core Remaining (%) 100 | 100 . . Volleys Fired 41 | 14 13 14 Largest 2 | 2 2 2 Hottest 150 | 70 70 150 Shots Fired 75 | 28 26 21 Gun 70 | 28 26 16 Cannon . | . . . Launcher . | . . . Special 5 | . . 5 Kinetic 30 | 14 13 3 Thermal 42 | 14 13 15 Explosive . | . . . Electromagnetic 3 | . . 3 Robot Hit Streak 6 | 6 5 3 Robot Miss Streak 2 | 2 1 2 Penetration Max . | . . . Secondary Targets . | . . . Shots Hit Robots 39 | 17 19 3 Core Hits 16 | 8 7 1 Critical Hits . | . . . Critical Kills . | . . . Critical Parts Destroyed . | . . . Melee Attacks . | . . . Impact . | . . . Slashing . | . . . Piercing . | . . . Sneak Attacks . | . . . Combat Hostiles . | . . . Follow-up Attacks . | . . . Damage Inflicted 423 | 215 179 29 Guns 423 | 215 179 29 Cannons . | . . . Explosions . | . . . Melee . | . . . Ramming . | . . . Kinetic 139 | 63 67 9 Thermal 264 | 152 112 . Explosive . | . . . Electromagnetic 20 | . . 20 Impact . | . . . Slashing . | . . . Piercing . | . . . Highest Corruption . | . . . Average Corruption . | . . . Corruption Purged . | . . . Overload Shots . | . . . Overflow Damage . | . . . Projectiles . | . . . Explosions . | . . . Melee . | . . . Knockbacks . | . . . Impact . | . . . Kinetic . | . . . Secondary . | . . . Self-Inflicted Damage . | . . . Shots . | . . . Rammed . | . . . Targets Rammed . | . . . Kicked . | . . . Crushed . | . . . Highest Temperature 170 | 90 100 170 Average Temperature 47 | 37 41 61 Received Heat Transfer . | . . . Siege Activations . | . . . Robots Corrupted . | . . . Combat Hostiles . | . . . Parts Fried . | . . . Impact Corruptions . | . . . Robots Melted . | . . . Combat Hostiles . | . . . Parts Melted . | . . . Heat Transferred 777 | 444 333 . Parts Sabotaged . | . . . Parts Stolen . | . . . Parts Stripped . | . . . Power Chain Reactions . | . . . Missiles Intercepted . | . . . Alert | -11 -10 -10 ------- Run | Scr Mat Min Peak Influence 168 | 20 168 65 Average Influence 52 | 10 107 35 Maximum Alert Level . | . . . Low Security (%) 100 | 100 100 100 Level 1 . | . . . Level 2 . | . . . Level 3 . | . . . Level 4 . | . . . Level 5 . | . . . High Security . | . . . Max Security . | . . . Squads Dispatched . | . . . Investigation . | . . . Extermination . | . . . Reinforcement . | . . . Assault . | . . . Garrison . | . . . Intercept . | . . . Construction Impeded . | . . . Haulers Reinforced . | . . . Stealth | -11 -10 -10 --------- Run | Scr Mat Min Distress Signals 2 | . 1 1 Communications Jammed . | . . . Distress Signals . | . . . Times Spotted 13 | . 10 3 Peak Tracking Total 4 | . 4 2 Tactical Retreats 2 | . 1 1 Traps | -11 -10 -10 ------- Run | Scr Mat Min Traps Triggered . | . . . Indirectly . | . . . Trap Hack Attempts . | . . . Triggered . | . . . Disarmed . | . . . Reprogrammed . | . . . Reused . | . . . Traps Extracted . | . . . Installed . | . . . Triggered . | . . . Machines | -11 -10 -10 ---------- Run | Scr Mat Min Machines Disabled . | . . . Max in Single Turn . | . . . Machines Sabotaged . | . . . Garrisons Compromised . | . . . Overloaded Fab Kills . | . . . Fab Network Shutdowns . | . . . Hacking | -11 -10 -10 --------- Run | Scr Mat Min Machines Accessed 1 | . 1 . Terminals 1 | . 1 . Fabricators . | . . . Repair Stations . | . . . Recycling Units . | . . . Scanalyzers . | . . . Garrison Access . | . . . Total Hacks 1 | . 1 . Successful . | . . . Failed 1 | . 1 . Catastrophic 1 | . 1 . Database Lockouts . | . . . Manual 1 | . 1 . Terminals 1 | . 1 . Fabricators . | . . . Repair Stations . | . . . Recycling Units . | . . . Scanalyzers . | . . . Garrison Access . | . . . Terminal Hacks . | . . . Fabricator Hacks . | . . . Repair Station Hacks . | . . . Recycling Unit Hacks . | . . . Scanalyzer . | . . . Garrison Access Hacks . | . . . Unauthorized Hacks . | . . . Terminals . | . . . Fabricators . | . . . Repair Stations . | . . . Recycling Units . | . . . Scanalyzers . | . . . Garrison Access . | . . . Data Cores Recovered . | . . . Used . | . . . Hacking Detections 1 | . 1 . Full Trace Events . | . . . Feedback Events . | . . . Feedback Blocked . | . . . Robot Schematics Acquired . | . . . Robots Built . | . . . Matter . | . . . Time . | . . . Total Robot Build Rating . | . . . Part Schematics Acquired . | . . . Parts Built . | . . . Matter . | . . . Time . | . . . Total Part Build Rating . | . . . Parts Repaired . | . . . Time . | . . . Parts Recycled . | . . . Recycled Matter . | . . . Retrieved Matter . | . . . Retrieved Components . | . . . Parts Scanalyzed . | . . . Part Schematics Acquired . | . . . Parts Damaged . | . . . Bothacking | -11 -10 -10 ------------ Run | Scr Mat Min Used RIF Installer . | . . . Robots Hacked . | . . . Non-combat . | . . . Combat . | . . . Robot Hacks Applied . | . . . Relay Couplers Released . | . . . Robots Rewired . | . . . Allies Hacked . | . . . Hacks Repelled . | . . . Allies | -11 -10 -10 -------- Run | Scr Mat Min Total Allies . | . . . Largest Group . | . . . Highest-Rated Group . | . . . Highest-Rated Ally . | . . . Total Orders . | . . . Ally Attacks . | . . . Total Damage . | . . . Kills . | . . . Allies Corrupted . | . . . Allies Melted . | . . . Intel | -11 -10 -10 ------- Run | Scr Mat Min Robot Analysis Total . | . . . Derelict Logs Recovered 1 | . . 1 Drone Launches . | . . . Drone Recoveries . | . . . Exploration | -11 -10 -10 ------------- Run | Scr Mat Min Turns Passed 739 | 129 220 390 Spaces Moved 607 | 94 212 301 Core 117 | 8 . 109 Treads . | . . . Legs . | . . . Wheels 490 | 86 212 192 Hover . | . . . Flight . | . . . Fastest Speed 50 | 50 80 50 Average Speed 74 | 77 80 69 Slowest Speed 80 | 80 80 80 Overloaded Moves . | . . . Propulsion Burnouts . | . . . Robots Hopped . | . . . Cave-ins Triggered . | . . . Exploration Rate (%) 24 | 4 32 38 Regions Visited 2 Branch Regions 1 Pre-discovered Areas 1 | . . 1 Known Exits Taken . | . . . Unknown Exits Taken 2 | 1 1 . Scrap Searched 1 | . . 1 Spaces Dug 4 | . . 4 Terrain Destroyed 4 | . . 4 Melee . | . . . Projectile 4 | . . 4 AOE . | . . . Actions | -11 -10 -10 --------- Run | Scr Mat Min Total 813 | 124 238 451 Wait 144 | . 14 130 Move 605 | 93 211 301 Hop . | . . . Pick Up 11 | 10 . 1 Fast Attach . | . . . Attach 9 | 7 . 2 Detach . | . . . Swap 3 | . . 3 Drop . | . . . Fire 41 | 14 13 14 Melee . | . . . Ram . | . . . Kick . | . . . Crush . | . . . Escape Stasis . | . . . Rewire . | . . . Trap . | . . . Miscellaneous . | . . . Route ------- -11/Scrapyard -10/Materials -10/Mines History --------- Turn | Location | Event 7 | -11/Scrapyard | Discovered new exit (range 15) 130 | -11/Scrapyard | Entered Materials 223 | -10/Materials | Discovered new exit (range 12) 302 | -10/Materials | Build established: Mutant 350 | -10/Materials | Entered Mines 396 | -10/Mines | Assembled infested the area 522 | -10/Mines | Learned location of Storage (-7) 562 | -10/Mines | Core integrity fell below 50% 592 | -10/Mines | Lost 7 parts (1p2n4w) 724 | -10/Mines | Core integrity fell below 20% 740 | -10/Mines | Destroyed by D-53 Grenadier with Mini Grenade Launcher Last Messages --------------- 00490_ Found Terrain Scanner. 00490_ Found Assault Rifle. 00490_ Found Lgt. Armor Plating. 00490_ Found Welding Torch. 00491_ Acquired Terrain Scanner. 00522_ Acquired derelict log, extracted data. World map updated: -7/Storage. 00545_ Acquired 4 matter. 00547_ Med. Laser destroyed. 00551_ K-01 Serf destroyed. 00552_ The unstable cave ceiling collapses. 00557_ EM Pulse Gun destroyed. 00559_ Lgt. Assault Rifle destroyed. 00560_ The unstable cave ceiling collapses. 00561_ Wheel destroyed. 00561_ Ion Engine destroyed. 00561_ Mining Laser destroyed. 00561_ Wheel destroyed. 00563_ D-53 Grenadier destroyed. 00566_ The unstable cave ceiling collapses. Map ----- +----------------------------------------------------+ | | | | | | | | | | | | | | | | | | | | | | | | | ??????#????#?????????#?????????????? | | ???????????????????????????????#???? | | ???#?????????#??????#??#??#????????? | | ??????####??#??????????????????????? | | ?????## ##?#???#??????#????????#??? | | ???#?# #?????#?####??#???##?????? | | ?????# ##???#??# #?????????#???? | | ?#???# #?#??#### #???????????##? | | ?????# ###??# ##???????????#?? | | ????#?# ##?## ##???#????????# | | #?#?#### ### ############?? | | ???????## #??# ##? | | ???????## #### ########## #?? | | ??????## @### ##????????# #?? | | ??#??## d ####?????????# #?? | | ?#???# ###?##??#?#???# ### | | ?#???# ###????#?#??#### | | ?????# ####?###?###???#"#### | | ?#??## ######???###??#### #?? | | ?????# t##??######?#???##?# #?? | | ?????# #?######?##????#??###?? | | ????### # #?#####?#?#########???? | | ??????##### #??##?#???### ??#?#??? | | ????#????## t############? ? ?? ??? | | ?##???#?## #?? ?? ? ? | | ????????## ####??##? ? ?? | | ?????????# ###?#??#? ?? | | ????????## """ #?##?#?## ? ?? | | ?????#??## """ ##??##??##???? | | ?????????# """ #?#?????#?? | | ???????### ####?##???? | | ????????#################?#?#? ? ? % | | ????????#??##????##?##?#?????? ?? | | ??????#?#?####??#####?#?###? ??? ? | | ??????#??#?#??#???##??####??? ???? ? | | ?????#????##?#??###?#??###???#?##??? | | ??????????##?#??#?##?###?#?#?##?##?? | | ????????#?##??#??#?#?####?##??###??? | +----------------------------------------------------+ Best States ------------- Heat Dissipation 25 Energy Generation 10 Energy Capacity 250 Matter Stores 300 Matter Capacity 300 Sight Range 16 Terrain Scan Range 14 Terrain Scan Density 60 Evasion (%) 50 Item Schematics ----------------- None Robot Schematics ------------------ None Fabricated ------------ Nothing Alien Tech Used ----------------- None Achievements -------------- None Challenges ------------ None Game ------ Seed SmartbombPotentialActivator Manual? 0 Play Time 00:10:53 Cumulative 29.2 hours Start 2020.07.07 @ 15:17:14 End 2020.07.07 @ 15:28:06 Sessions 1 Manual Loads 0 Difficulty Rogue Special Mode None Game No. 24 Rogue 24 Adventurer 0 Explorer 0 Win Type - Total 0 Types 0/0/0/0/0/0/0 Lore% 34 Gallery% 33 Achievement% 29 Wizard Run 0 Options --------- ASCII 0 Keyboard 0 Movement Mouse Keybinds 0 Fullscreen 1 Font 24/Smallcaps Map View 76x50 Tactical HUD 1 Map Filters NONE Filters NONE Steam 1 RUN: fa8118b6-1599-43db-bdc0-5fe60b4c46a0